 Dungeon Crawl Stone Soup version 0.27-a0-652-g2d5cf1dcd3 (webtiles) character file.

Game seed: 8326155364567607146

413227 Johnny the Sorcerer (level 22, -6/144 HPs)
             Began as a Deep Elf Earth Elementalist on Mar 16, 2021.
             Was the Champion of Okawaru.
             Mangled by a cyan very ugly thing (31 damage)
             ... on level 3 of the Vaults.
             The game lasted 01:48:42 (67228 turns).

Johnny the Sorcerer (Deep Elf Earth Elementalist)  Turns: 67228, Time: 01:48:43

Health: -6/144     AC: 20    Str:  5    XL:     22   Next: 50%
Magic:  23/51      EV: 22    Int: 31    God:    Okawaru [******]
Gold:   2678       SH:  7    Dex: 13    Spells: 33/68 levels left

rFire    + . .     SeeInvis .   J - staff of earth
rCold    + + +     Faith    .   U - +0 buckler
rNeg     + . .     Spirit   .   y - +4 troll leather armour
rPois    .         Reflect  .   K - +0 helmet of Tiuc {Harm rF+}
rElec    .         Harm     +   F - +0 cloak of Okawaru's Delight {Will++ rCorr}
rCorr    +         Rampage  .   N - +2 pair of gloves of the Tired Friars {rC++}
Will     ++++.                  I - +2 pair of boots {Stlth+}
Stlth    +++.......             M - amulet of magic regeneration
HPRegen  1.34/turn              l - +4 ring of evasion
MPRegen  0.57/turn              e - ring "Jinonuc" {rC+ rN+ AC+4 Dex-2}

@: frozen, studying Crossbows, very slow
A: no striking features
}: 2/15 runes: decaying, serpentine
a: Renounce Religion, Heroism, Finesse


You were on level 3 of the Vaults.
You worshipped Okawaru.
Okawaru was exalted by your worship.
You visited 8 branches of the dungeon, and saw 39 of its levels.
You also visited: Ice Cave and Desolation.

You collected 5380 gold pieces.
You spent 2702 gold pieces at shops.

Inventory:

Hand Weapons
 o - the +9 staff of Wucad Mu {*channel}
   (You acquired it on level 8 of the Dungeon)
 V - a +0 demon blade
Missiles
 b - 895 stones
Armour
 c - the +1 ring mail of Pleasant Breezes {*Contam Str+4 Int+8}
   (You found it in the Desolation of Salt)

   It affects your strength (+4).
   It affects your intelligence (+8).
   It causes magical contamination when unequipped.
 y - a +4 troll leather armour (worn)
 F - the +0 cloak of Okawaru's Delight (worn) {Will++ rCorr}
   (Okawaru gifted it to you on level 6 of the Lair of Beasts)

   It affects your willpower, your defense against some magical effects.
   It provides partial protection from all sources of acid and corrosion.
 I - a +2 pair of boots of stealth (worn)
 K - the +0 helmet of Tiuc (worn) {Harm rF+}
   (You bought it in a shop on level 2 of the Orcish Mines)

   It protects you from fire.
   It increases damage dealt and taken.
 N - the +2 pair of gloves of the Tired Friars (worn) {rC++}
   (You found it on level 3 of the Elven Halls)

   It greatly protects you from cold.
 S - a scarf of repulsion
 U - a +0 buckler (worn)
 X - a +5 kite shield of protection
Magical Staves
 J - a staff of earth (weapon)
Jewellery
 e - the ring "Jinonuc" (left hand) {rC+ rN+ AC+4 Dex-2}
   (You found it in the Desolation of Salt)

   [ring of protection]

   It affects your AC (+4).
   It affects your dexterity (-2).
   It protects you from cold.
   It protects you from negative energy.
 l - a +4 ring of evasion (right hand)
 x - an amulet of faith
 E - a ring of poison resistance
 L - a ring of magical power
 M - an amulet of magic regeneration (around neck)
 R - the ring of Nobility {+Inv rElec rF- Str+6 SInv}
   (You found it in the Desolation of Salt)

   [ring of strength]

   It affects your strength (+6).
   It makes you vulnerable to fire.
   It insulates you from electricity.
   It lets you see invisible.
   It lets you turn invisible.
 W - the amulet of Secrets {rPois rC- rN+ Regen+ Str+2}
   (You took it off a deep elf sorcerer on level 3 of the Elven Halls)

   [amulet of regeneration]

   It affects your strength (+2).
   It makes you vulnerable to cold.
   It protects you from poison.
   It protects you from negative energy.
   It increases your rate of regeneration.
Wands
 B - a wand of acid (12)
 G - a wand of digging (10)
Scrolls
 a - 11 scrolls of fog
 h - 8 scrolls of immolation
 j - 3 scrolls of enchant armour
 m - 9 scrolls of teleportation
 r - a scroll of vulnerability
 s - 2 scrolls of blinking
 t - 20 scrolls of identify
 w - 10 scrolls of magic mapping
 O - a scroll of holy word
 Z - 2 scrolls of fear
Potions
 d - 4 potions of lignification
 f - 15 potions of curing
 g - 3 potions of flight
 i - 6 potions of haste
 k - 6 potions of heal wounds
 p - 2 potions of ambrosia
 q - 4 potions of cancellation
 v - 5 potions of resistance
 z - 3 potions of berserk rage
 C - 8 potions of might
 H - 5 potions of mutation
 P - a potion of magic
 Q - 7 potions of brilliance
 Y - 3 potions of invisibility
Miscellaneous
 n - a condenser vane
 u - a tin of tremorstones (inert)
 A - a box of beasts
 D - a phantom mirror
 T - a lightning rod (4/4)


   Skills:
 - Level 16.7 Fighting
 - Level 16.4 Dodging
 - Level 2.4 Stealth
 * Level 12.6 Shields
 + Level 23.9 Spellcasting
 - Level 1.1 Transmutations
 - Level 21.7 Earth Magic
 - Level 9.2 Evocations


You had 33 spell levels left.
You knew the following spells:

 Your Spells              Type           Power      Damage    Failure   Level
a - Sandblast             Erth           100%       2d20      0%          1
b - Bolt of Magma         Conj/Fire/Erth 44%        4d18      1%          5
c - Lee's Rapid Deconstr  Erth           65%        3d31*     0%          5
d - Petrify               Tmut/Erth      100%       N/A       1%          4
e - Blink                 Tloc           N/A        N/A       1%          2
f - Passwall              Tmut/Erth      86%        N/A       1%          2
g - Stone Arrow           Conj/Erth      100%       3d13      1%          3
h - Iron Shot             Conj/Erth      51%        9d10      2%          6
i - Orb of Destruction    Conj           18%        9d8       100%        7

Your spell library contained the following spells:

 Spells                   Type           Power      Damage    Failure   Level
 Animate Skeleton         Necr           74%        N/A       1%          1
 Corona                   Hex            41%        N/A       1%          1
 Foxfire                  Conj/Fire      100%       2x1d9     1%          1
 Freeze                   Ice            100%       1d11      1%          1
 Magic Dart               Conj           100%       1d8       1%          1
 Pain                     Necr           100%       1d9       1%          1
 Shock                    Conj/Air       100%       1d9       1%          1
 Sting                    Tmut/Pois      100%       1d8       1%          1
 Summon Small Mammal      Summ           100%       N/A       1%          1
 Call Imp                 Summ           37%        N/A       1%          2
 Corpse Rot               Necr/Air       N/A        N/A       1%          2
 Ensorcelled Hibernation  Hex/Ice        74%        N/A       1%          2
 Searing Ray              Conj           74%        3d6       1%          2
 Slow                     Hex            37%        N/A       1%          2
 Sublimation of Blood     Necr           18%        N/A       1%          2
 Swiftness                Air            37%        N/A       1%          2
 Borgnjor's Vile Clutch   Necr/Erth      51%        N/A       1%          5
 Statue Form              Tmut/Erth      69%        N/A       1%          6
 Ignite Poison            Fire/Tmut/Pois 39%        N/A       3%          3
 Spider Form              Tmut/Pois      20%        N/A       3%          3
 Call Canine Familiar     Summ           37%        N/A       4%          3
 Confusing Touch          Hex            37%        N/A       4%          3
 Conjure Flame            Conj/Fire      37%        6-21      4%          3
 Dazzling Flash           Conj/Hex       74%        N/A       4%          3
 Frozen Ramparts          Ice            74%        1d9       4%          3
 Inner Flame              Hex/Fire       37%        N/A       4%          3
 Mephitic Cloud           Conj/Pois/Air  37%        N/A       4%          3
 Ozocubu's Armour         Ice            37%        N/A       4%          3
 Static Discharge         Conj/Air       37%        N/A       4%          3
 Tukima's Dance           Hex            37%        N/A       4%          3
 Ice Form                 Ice/Tmut       40%        N/A       11%         4
 Airstrike                Air            18%        N/A       13%         4
 Dispel Undead            Necr           37%        3d15      13%         4
 Fulminant Prism          Conj/Hex       18%        3d11      13%         4
 Hailstorm                Conj/Ice       37%        3d9       13%         4
 Iskenderun's Mystic Bla  Conj/Tloc      37%        2d9       13%         4
 Sticky Flame             Conj/Fire      37%        2d6       13%         4
 Summon Ice Beast         Ice/Summ       37%        N/A       13%         4
 Alistair's Intoxication  Tmut/Pois      26%        N/A       28%         5
 Irradiate                Conj/Tmut      20%        3d20      28%         5
 Agony                    Necr           37%        N/A       36%         5
 Excruciating Wounds      Necr           18%        N/A       36%         5
 Fireball                 Conj/Fire      18%        3d9       36%         5
 Iskenderun's Battlesphe  Conj           37%        2d9       36%         5
 Lightning Bolt           Conj/Air       18%        1d33      36%         5
 Metabolic Englaciation   Hex/Ice        18%        N/A       36%         5
 Summon Forest            Summ/Tloc      18%        N/A       36%         5
 Summon Mana Viper        Hex/Summ       37%        N/A       36%         5
 Hydra Form               Tmut           21%        N/A       77%         6
 Eringya's Noxious Bog    Tmut/Pois      20%        N/A       85%         6
 Freezing Cloud           Conj/Ice/Air   18%        6-21      90%         6
 Shadow Creatures         Summ           N/A        N/A       90%         6
 Simulacrum               Ice/Necr       18%        N/A       90%         6
 Starburst                Conj/Fire      18%        8x6d7     90%         6
 Dragon Form              Tmut           21%        N/A       100%        7
 Malign Gateway           Summ/Tloc      18%        N/A       100%        7
 Ozocubu's Refrigeration  Ice            18%        4d8       100%        7
 Spellforged Servitor     Conj/Summ      18%        N/A       100%        7
 Summon Hydra             Summ           18%        N/A       100%        7
 Ignition                 Fire           18%        3d7       100%        8


Dungeon Overview and Level Annotations

Branches:
Dungeon (15/15)            Temple (1/1) D:7            Lair (6/6) D:11
  Swamp (4/4) Lair:2        Snake (4/4) Lair:3        Slime (0/5) Lair:5
    Orc (2/2) D:11            Elf (3/3) Orc:2        Vaults (4/5) D:14
  Crypt (0/3) Vaults:3     Depths (0/5) D:15          IceCv (visited)
Desolation (visited)

Altars:
Ashenzari
Cheibriados
Dithmenos
Elyvilon
Fedhas
Gozag
Hepliaklqana
Kikubaaqudgha
Makhleb
Nemelex Xobeh
Okawaru
Qazlal
Ru
Sif Muna
Trog
Uskayaw
Vehumet
Wu Jian
Xom
Yredelemnul
Zin
The Shining One
Beogh
Jiyva

Shops:
D:8 [?(?[   D:14 (   D:15 (   Orc:2 *:[!   Elf:1 :   Elf:3 [   Snake:1 ((*[
Snake:3 ?   Vaults:1 *

Annotations:
D:9 Fannar
D:10 1 transporter
Orc:1 Sonja


Message History

You feel a surge of power!
The bolt of magma hits the deep elf death mage!!!
The deep elf death mage is severely wounded.
The deep elf death mage hits you with a +0 rapier!
An ironbound frostheart comes into view.
You hear a shout!
Casting: Bolt of Magma (mildly dangerous; 1% risk of failure)
Confirm with . or Enter, or press ? or * to list all spells.
Aiming: Bolt of Magma (mildly dangerous; 1% risk of failure)
Press: ? - help, Shift-Dir - straight line, f/p - deep elf death mage
Aim: a deep elf death mage, wielding a +0 rapier (severely wounded, 36% to evade)
You feel a surge of power!
The bolt of magma misses the deep elf death mage.
The deep elf death mage completely misses you.
You open the large door.
The deep elf death mage completely misses you.
You block the cyan very ugly thing's attack.
The ironbound frostheart calls freezing cold from the walls.
The frost grips you!! You partially resist.
You are encased in ice.
The cyan very ugly thing closely misses you.
There is a large open door here.
Casting: Bolt of Magma (mildly dangerous; 1% risk of failure)
Confirm with . or Enter, or press ? or * to list all spells.
Aiming: Lee's Rapid Deconstruction (safe; 0% risk of failure)
Press: ? - help, Dir - move target, f/p - deep elf death mage Fragment what (e.g. wall or brittle monster)?: a deep elf death mage, wielding a +0 rapier (heavily wounded)
A large open door.
Okay, then.
The ironbound frostheart calls freezing cold from the walls.
The frost grips you!! You partially resist.
* * * LOW HITPOINT WARNING * * *
The phantasmal warrior blinks!
An ironbound preserver comes into view. It is wielding a +0 flail.
The deep elf death mage hits you with a +0 rapier!
* * * LOW HITPOINT WARNING * * *
The cyan very ugly thing kicks you.
* * * LOW HITPOINT WARNING * * *
The cyan very ugly thing shocks you!!
You die...

#......#....# #.
########....# #.
######## #....# #.
##....p.###....# ##
#!.))p...##....# #ยง.#
#....###### #''#
#....#..... #eu#
#....'...#. #@.#
#....#.....
#####..#####....#.#...
#..........'....#.....
#...W......'....#...#.
############....#.....
###########


You could see an ironbound preserver, a cyan very ugly thing, a deep elf death
mage, an ironbound frostheart and a phantasmal warrior.

Vanquished Creatures
  Vashnia (Snake:3)
  Nikola (Vaults:1)
  A bone dragon (Swamp:4)
  A tentacled monstrosity (Vaults:4)
  A titan (Vaults:4)
  5 deep elf master archers (Elf:3)
  4 deep elf blademasters (Elf:3)
  2 quicksilver dragons (Vaults:4)
  4 sphinxes
  A tengu reaver (Vaults:4)
  5 nagarajas
  Roxanne (Swamp:1)
  Donald (Vaults:1)
  2 thorn hunters
  A frost giant (IceCv)
  An orc warlord (Orc:2)
  5 deep elf sorcerers
  Louise (Elf:2)
  3 imperial myrmidons (Desolation)
  9 vault wardens
  Aizul (Snake:2)
  2 deep elf elementalists (Elf:3)
  21 ironbound preservers
  3 very ugly things
  A vampire knight (Vaults:3)
  3 deep elf demonologists
  2 halazid warlocks (Desolation)
  5 deep elf annihilators (Elf:3)
  4 bunyips
  An entropy weaver (Vaults:2)
  11 dire elephants
  5 deep elf death magi
  8 eleionomae
  5 crystal guardians
  7 yaktaur captains
  A fire dragon (Vaults:4)
  9 ragged hierophants (Desolation)
  A shambling mangrove (Swamp:3)
  9 servants of whispers
  3 deep elf high priests
  15 naga warriors
  2 ice dragons (D:15)
  A great orb of eyes (shapeshifter) (Vaults:4)
  14 vault guards
  5 ironbound thunderhulks
  12 ironbound frosthearts
  3 boulder beetles
  15 hydras
  2 death knights
  7 peacekeepers
  An ogre mage (D:14)
  3 ghost crabs
  16 anacondas
  A catoblepas (Lair:3)
  26 dancing weapons
  9 alligators
  6 death yaks
  4 ironbound beastmasters
  27 naga sharpshooters
  3 centaur warriors
  Urug (Lair:4)
  3 shock serpents
  11 two-headed ogres
  7 orc high priests
  A vampire mage (Vaults:3)
  19 deep elf knights
  A skeletal warrior (D:14)
  60 deep trolls
  4 goliath frogs
  A death drake (Swamp:4)
  4 spriggan druids
  5 bog bodies
  4 sea snakes
  2 unseen horrors
  7 naga ritualists
  3 phantasmal warriors
  3 swamp dragons
  4 deep elf archers
  Pikel (D:8)
  12 ironbound convokers
  A wolf spider zombie (D:14)
  6 wizards
  6 mana vipers
  4 necromancers
  2 lindwurms (Vaults:3)
  A tengu skeleton (Vaults:2)
  20 deep elf zephyrmancers
  6 orc knights
  2 spectral hydras (Swamp:4)
  23 deep elf pyromancers
  2 human zombies
  3 oklob plants
  25 ugly things
  5 will-o-the-wisps
  7 salamanders
  A moth of wrath (shapeshifter) (Elf:1)
  5 orc sorcerers
  4 cyclopes
  An iron dragon skeleton (Vaults:3)
  4 manticores
  15 elephants
  9 guardian serpents
  An ice statue (IceCv)
  11 vault sentinels
  20 naga magi
  37 black mambas
  A torpor snail (Lair:5)
  6 molten gargoyles
  3 centaur skeletons
  2 gargoyles
  18 cane toads
  2 swamp worm zombies (Swamp:4)
  A cane toad (shapeshifter) (Elf:2)
  3 kobold demonologists
  23 yaktaurs
  15 komodo dragons
  3 rime drakes
  3 freezing wraiths
  2 human skeletons
  A bloated husk (Swamp:1)
  13 trolls
  5 hydra zombies (Swamp:4)
  7 tyrant leeches
  22 polar bears
  Prince Ribbit (D:5)
  4 hornets
  67 saltlings
  An ettin zombie (Vaults:3)
  23 slime creatures
  3 spectral swamp dragons (Swamp:4)
  23 blink frogs
  19 dream sheep
  4 alligator zombies (Swamp:4)
  4 air elementals
  5 spriggans
  A shadow (D:15)
  4 fire elementals
  Sigmund (D:5)
  An elf skeleton (Vaults:2)
  7 wyverns
  6 basilisks
  2 ettin skeletons
  A redback (Vaults:2)
  85 yaks
  A wraith (D:11)
  A human (D:14)
  10 vampire mosquitoes
  Menkaure (D:5)
  Edmund (D:5)
  A swamp worm (shapeshifter) (Vaults:3)
  11 swamp worms
  2 wargs
  62 nagas
  An acid dragon (D:15)
  Duvessa (D:5)
  A floating eye (Vaults:4)
  26 water moccasins
  48 orc warriors
  8 sky beasts
  A swamp drake (Swamp:4)
  4 black bears
  3 necrophages
  An ice beast (D:12)
  2 swamp dragon zombies (Swamp:4)
  A tengu (shapeshifter) (D:13)
  12 ogres
  3 boggarts (Vaults:2)
  15 centaurs
  11 wolves (IceCv)
  14 phantoms
  2 kobold brigands
  2 lemures (D:8)
  7 elf zombies
  19 bullfrogs
  6 earth elementals
  Dowan (D:5)
  3 scorpions
  4 killer bees (D:7)
  An electric eel (Lair:2)
  18 wights
  4 howler monkeys
  5 centaur zombies
  5 lava snakes (D:11)
  3 quasits
  A bullfrog zombie (D:11)
  2 hounds
  6 jellies
  Crazy Yiuf (D:2)
  A bullfrog skeleton (D:5)
  31 orc priests
  18 iguanas
  24 orc wizards
  A spectral swamp drake (Swamp:4)
  7 worker ants
  2 hound skeletons
  A worker ant zombie (D:9)
  2 swamp drake zombies (Swamp:4)
  16 adders
  6 gnolls
  2 shadow imps (D:8)
  15 white imps
  An ufetubus (D:6)
  2 adder skeletons
  A worm (D:2)
  2 dart slugs
  12 leopard geckos
  129 orcs
  7 giant cockroaches
  2 goblins (D:2)
  11 hobgoblins
  16 jackals
  26 kobolds
  6 quokkas
  A ball python (Snake:2)
  8 bats
  14 frilled lizards
  A jackal zombie (D:9)
  A quokka zombie (D:5)
  9 rats
  3 briar patches
1800 creatures vanquished.

Vanquished Creatures (others)
  2 deep elf archers (Elf:2)
  A deep elf pyromancer (Elf:2)
  A swamp worm zombie (Swamp:4)
  2 bloated husks (Swamp:4)
  An alligator zombie (Swamp:4)
  6 foxfires
  46 fungi
  88 plants
147 creatures vanquished.

Grand Total: 1947 creatures vanquished

Notes
Turn   | Place    | Note
-------+----------+-------------------------------------------
     0 | D:1      | Johnny the Deep Elf Earth Elementalist began the quest for
                  | the Orb.
     0 | D:1      | Reached XP level 1. HP: 10/10 MP: 6/6
   590 | D:1      | Reached XP level 2. HP: 16/16 MP: 6/8
   681 | D:1      | Reached skill level 1 in Fighting
  1836 | D:2      | Reached XP level 3. HP: 18/20 MP: 8/10
  2314 | D:2      | Reached XP level 4. HP: 19/26 MP: 9/11
  2585 | D:2      | Found a runed translucent door.
  2586 | D:2      | Noticed Crazy Yiuf
  3381 | D:2      | Killed Crazy Yiuf
  3382 | D:2      | Reached skill level 4 in Spellcasting
  3684 | D:3      | Found a shimmering blue altar of Sif Muna.
  3774 | D:3      | Reached XP level 5. HP: 31/31 MP: 9/13
  3890 | D:3      | HP: 1/32 [orc wizard/+0 mace (9)]
  4247 | D:3      | Found a sacrificial altar of Ru.
  5325 | D:4      | Found a white marble altar of Elyvilon.
  5326 | D:4      | Noticed a phantom
  5344 | D:4      | Killed a phantom
  5345 | D:4      | Reached XP level 6. HP: 21/37 MP: 4/15
  5848 | D:4      | Reached skill level 5 in Spellcasting
  6076 | D:5      | Entered Level 5 of the Dungeon
  6087 | D:5      | Noticed a sky beast
  6103 | D:5      | Killed a sky beast
  6313 | D:5      | Reached skill level 5 in Earth Magic
  6313 | D:5      | Reached XP level 7. HP: 34/43 MP: 9/17
  6325 | D:5      | Learned a level 3 spell: Stone Arrow
  6331 | D:5      | Learned a level 5 spell: Lee's Rapid Deconstruction
  6433 | D:5      | Learned a level 4 spell: Petrify
  6686 | D:5      | Noticed Sigmund
  6689 | D:5      | Killed Sigmund
  6689 | D:5      | Noticed Prince Ribbit
  6690 | D:5      | Reached skill level 6 in Spellcasting
  6696 | D:5      | Killed Prince Ribbit
  6697 | D:5      | Reached XP level 8. HP: 48/48 MP: 16/19
  6712 | D:5      | Reached skill level 5 in Fighting
  6804 | D:5      | Noticed Edmund
  6807 | D:5      | Killed Edmund
  6858 | D:5      | Noticed Duvessa
  6863 | D:5      | Noticed Dowan
  6867 | D:5      | Killed Duvessa
  6868 | D:5      | Reached skill level 5 in Dodging
  6870 | D:5      | Killed Dowan
  7080 | D:5      | Found a snail-covered altar of Cheibriados.
  7087 | D:5      | Found a hide-covered altar of Uskayaw.
  7140 | D:5      | Noticed Menkaure
  7144 | D:5      | Killed Menkaure
  7145 | D:5      | Reached skill level 7 in Spellcasting
  7267 | D:5      | Found a burning altar of Makhleb.
  7313 | D:5      | Found a broken altar of Ashenzari.
  8158 | D:6      | Reached XP level 9. HP: 51/55 MP: 15/22
  8605 | D:6      | Found a shadowy altar of Dithmenos.
  9458 | D:7      | Found a staircase to the Ecumenical Temple.
  9506 | D:7      | Reached skill level 8 in Spellcasting
  9520 | Temple   | Entered the Ecumenical Temple
  9658 | Temple   | Became a worshipper of Warmaster Okawaru
 10156 | D:8      | Noticed Pikel
 10180 | D:8      | Killed Pikel
 10461 | D:8      | Noticed a two-headed ogre
 10471 | D:8      | Noticed a two-headed ogre
 10472 | D:8      | Killed a two-headed ogre
 10472 | D:8      | Reached * piety under Okawaru
 10473 | D:8      | Reached skill level 9 in Spellcasting
 10478 | D:8      | Killed a two-headed ogre
 10479 | D:8      | Reached XP level 10. HP: 20/64 MP: 11/25
 10479 | D:8      | Reached ** piety under Okawaru
 10742 | D:8      | Found Mozar's Magic Scroll Boutique.
 10805 | D:8      | Bought a scroll of identify for 22 gold pieces
 10805 | D:8      | Bought a scroll of summoning for 104 gold pieces
 10805 | D:8      | Bought a scroll of identify for 22 gold pieces
 10805 | D:8      | Bought a scroll of fear for 38 gold pieces
 11237 | D:8      | Found Vaemek's Armour Boutique.
 11556 | D:8      | Found Gutt's Weapon Shop.
 11597 | D:8      | Found Raweysi's Magic Scroll Emporium.
 11601 | D:8      | Found Muaduch's Antique Armour Shop.
 11696 | D:8      | Bought a scroll of identify for 26 gold pieces
 11696 | D:8      | Bought a scroll of identify for 26 gold pieces
 11956 | D:9      | Reached *** piety under Okawaru
 12352 | D:9      | Reached skill level 10 in Spellcasting
 12757 | D:9      | Reached **** piety under Okawaru
 13325 | D:9      | Noticed a cyclops
 13336 | D:9      | Killed a cyclops
 13692 | D:9      | Reached XP level 11. HP: 71/71 MP: 27/27
 13881 | D:10     | Entered Level 10 of the Dungeon
 14004 | D:10     | Noticed Fannar
 14619 | D:10     | Found a transporter.
 14636 | D:10     | Noticed a glowing orange brain
 14637 | D:10     | Found a viscous altar of Jiyva.
 14706 | D:11     | Noticed a two-headed ogre
 14952 | D:11     | Reached ***** piety under Okawaru
 15321 | D:11     | Received a gift from Okawaru
 15509 | D:11     | Reached skill level 11 in Spellcasting
 15851 | D:11     | Reached skill level 10 in Fighting
 15893 | D:11     | Found a staircase to the Lair.
 15903 | D:11     | Killed a two-headed ogre
 15904 | D:11     | Reached skill level 10 in Dodging
 15904 | D:11     | Reached skill level 10 in Earth Magic
 16014 | D:11     | Found a staircase to the Orcish Mines.
 16250 | D:11     | Noticed a two-headed ogre
 16257 | D:11     | Killed a two-headed ogre
 16257 | D:11     | Reached ****** piety under Okawaru
 16511 | Orc:1    | Entered Level 1 of the Orcish Mines
 16559 | Orc:1    | Reached XP level 12. HP: 78/78 MP: 1/29
 16582 | Orc:1    | Noticed an orc warlord
 16726 | D:11     | Received a gift from Okawaru
 16817 | D:11     | Noticed a catoblepas
 16817 | D:11     | an orc warlord changed into a catoblepas
 16977 | Orc:2    | Entered Level 2 of the Orcish Mines
 16977 | Orc:2    | Noticed a two-headed ogre
 16978 | Orc:2    | Noticed Sonja
 16983 | Orc:1    | Learned a level 2 spell: Passwall
 17070 | Orc:1    | Found a frozen archway.
 17075 | Orc:1    | Reached skill level 12 in Spellcasting
 17093 | IceCv    | Entered an ice cave
 17544 | IceCv    | Noticed a death yak
 17544 | IceCv    | Noticed a death yak
 17560 | IceCv    | Killed a death yak
 17564 | IceCv    | Killed a death yak
 17893 | IceCv    | Received a gift from Okawaru
 17977 | IceCv    | Noticed a frost giant
 17977 | IceCv    | Noticed a death yak
 17981 | IceCv    | Killed a frost giant
 17981 | IceCv    | Received a gift from Okawaru
 17982 | IceCv    | Killed a death yak
 17983 | IceCv    | Reached skill level 13 in Spellcasting
 17984 | IceCv    | Reached XP level 13. HP: 51/85 MP: 16/32
 19568 | Orc:2    | Found Etog's General Store.
 19712 | Orc:2    | Bought a potion of curing for 51 gold pieces
 19742 | Orc:2    | Found Jogg's Book Shoppe.
 20468 | Orc:2    | Identified the +1 robe of Charity {Harm +Inv Regen+ Str-3}
                  | (Okawaru gifted it to you on level 2 of the Orcish Mines)
 20468 | Orc:2    | Received a gift from Okawaru
 20696 | Orc:2    | Noticed an orc warlord
 20939 | Orc:2    | Killed an orc warlord
 21409 | Orc:2    | Found Yrie's Distillery.
 21553 | Orc:2    | Bought a potion of curing for 54 gold pieces
 21553 | Orc:2    | Bought a potion of heal wounds for 90 gold pieces
 21983 | Orc:2    | Found Untunn's Armour Shop.
 21991 | Orc:2    | Bought the +0 helmet of Tiuc {Harm rF+} for 222 gold pieces
 22059 | Orc:2    | Reached skill level 14 in Spellcasting
 22447 | Orc:2    | Found a staircase to the Elven Halls.
 22966 | D:8      | Bought a scroll of acquirement for 676 gold pieces
 22967 | D:8      | Acquired the +2 pair of gloves of the Solstice {Dex+5}
 23666 | D:12     | Identified the +0 falchion of War {drain, Will+ MP-9 SInv}
                  | (Okawaru gifted it to you on level 12 of the Dungeon)
 23666 | D:12     | Received a gift from Okawaru
 24120 | D:12     | Reached XP level 14. HP: 92/92 MP: 21/34
 24221 | D:12     | Found an opulent altar of Gozag.
 25436 | D:13     | Identified the +1 plate armour of Dyfryp {Rampage rF- rC++
                  | SInv} (Okawaru gifted it to you on level 13 of the Dungeon)
 25436 | D:13     | Received a gift from Okawaru
 26611 | D:14     | Found Ympimp's Weapon Shop.
 26802 | D:14     | Reached skill level 15 in Spellcasting
 27231 | D:14     | Received a gift from Okawaru
 27454 | D:14     | Found a gate to the Vaults.
 27533 | D:15     | Entered Level 15 of the Dungeon
 27751 | D:15     | Identified the +4 flail of Experimentation {protect, rN+
                  | Dex-3 Stlth+}
 28014 | D:15     | Identified the +4 flail of the Crushed Eyes {freeze, Dex+4}
 28103 | D:15     | Reached XP level 15. HP: 80/100 MP: 6/36
 28390 | D:15     | Found a staircase to the Depths.
 28607 | D:15     | Found Yssuteyff's Weapon Boutique.
 28822 | D:8      | Bought a scroll of acquirement for 572 gold pieces
 28823 | D:8      | Acquired the +9 staff of Wucad Mu {*channel}
 28824 | D:8      | Found the +9 staff of Wucad Mu {*channel}
 28944 | Lair:1   | Entered Level 1 of the Lair of Beasts
 29096 | Lair:1   | You fall into a shaft and drop 1 floor!
 29344 | Lair:2   | Received a gift from Okawaru
 30086 | Lair:2   | Found a staircase to the Swamp.
 32000 | Lair:3   | Found a staircase to the Snake Pit.
 32664 | Lair:3   | Reached skill level 16 in Spellcasting
 32967 | Lair:3   | Reached skill level 1 in Evocations
 33615 | Lair:4   | Received a gift from Okawaru
 33616 | Lair:4   | Reached skill level 1 in Shields
 33724 | Lair:4   | Noticed Urug
 33732 | Lair:4   | Killed Urug
 34195 | Lair:4   | Learned a level 2 spell: Blink
 36009 | Lair:5   | Found a staircase to the Slime Pits.
 36599 | Lair:6   | Entered Level 6 of the Lair of Beasts
 36759 | Lair:6   | Reached XP level 16. HP: 79/107 MP: 22/38
 36760 | Lair:6   | Reached skill level 15 in Fighting
 37089 | Lair:6   | Identified the +0 cloak of Okawaru's Delight {Will++ rCorr}
                  | (Okawaru gifted it to you on level 6 of the Lair of Beasts)
 37089 | Lair:6   | Received a gift from Okawaru
 37356 | Lair:6   | Reached skill level 15 in Dodging
 39609 | Elf:1    | Entered Level 1 of the Elven Halls
 39815 | Elf:1    | Received a gift from Okawaru
 40244 | Elf:1    | Reached skill level 5 in Evocations
 40253 | Elf:1    | Identified the +10 arbalest of Offence {elec, rElec rPois
                  | rF- SInv} (Okawaru gifted it to you on level 1 of the Elven
                  | Halls)
 40253 | Elf:1    | Received a gift from Okawaru
 40678 | Elf:1    | Identified the Compendium of Sinister Rites
 40830 | Elf:1    | Found Kyppyagy's Book Shop.
 41520 | Elf:2    | Reached skill level 17 in Spellcasting
 41532 | Elf:2    | Received a gift from Okawaru
 41970 | Elf:2    | Found a runed translucent gate.
 41971 | Elf:2    | Found a runed translucent gate.
 41973 | Elf:2    | Found a runed translucent gate.
 42494 | Elf:2    | Noticed Louise
 42505 | Elf:2    | Killed Louise
 42506 | Elf:2    | Reached XP level 17. HP: 94/114 MP: 2/40
 43110 | Elf:2    | Received a gift from Okawaru
 43114 | Elf:2    | Reached skill level 15 in Earth Magic
 43318 | Elf:3    | Entered Level 3 of the Elven Halls
 43798 | Elf:3    | Reached skill level 5 in Shields
 43806 | Elf:3    | Noticed a deep elf blademaster
 43807 | Elf:3    | Noticed a deep elf blademaster
 43829 | Elf:3    | Noticed a deep elf blademaster
 43921 | Elf:3    | Killed a deep elf blademaster
 43970 | Elf:3    | Noticed a deep elf blademaster
 43976 | Elf:3    | Killed a deep elf blademaster
 44035 | Elf:3    | Killed a deep elf blademaster
 44044 | Elf:3    | Noticed a deep elf master archer
 44124 | Elf:3    | Killed a deep elf master archer
 44265 | Elf:3    | Killed a deep elf blademaster
 44323 | Elf:3    | Noticed a deep elf master archer
 44326 | Elf:3    | Killed a deep elf master archer
 44326 | Elf:3    | Received a gift from Okawaru
 44349 | Elf:3    | Noticed a deep elf master archer
 44360 | Elf:3    | Killed a deep elf master archer
 44452 | Elf:3    | Found Amnut's Armour Boutique.
 44561 | Elf:3    | Noticed a Brimstone Fiend
 44566 | Elf:3    | Identified the amulet of Secrets {rPois rC- rN+ Regen+
                  | Str+2}
 44589 | Elf:3    | Identified the +7 whip of Yrphioh {freeze, Dex+2}
 44596 | Elf:3    | Noticed a deep elf master archer
 44602 | Elf:3    | Killed a deep elf master archer
 44757 | Elf:3    | Reached XP level 18. HP: 122/122 MP: 14/41
 44762 | Elf:3    | Received a gift from Okawaru
 45010 | Elf:3    | Identified the +0 cloak "Fasigine" {*Contam Harm Int+3
                  | Stlth+}
 45016 | Elf:3    | Identified the +2 pair of gloves of the Tired Friars {rC++}
 45023 | Elf:3    | Identified Sif Muna's Almanac of Summoning and Flight
 45081 | Elf:3    | Identified the +6 arbalest of Earthquakes {penet, rC+}
 45123 | Elf:3    | Found the +5 sword of Power {vorpal}
 45130 | Elf:3    | Reached skill level 18 in Spellcasting
 45148 | Elf:3    | Identified the Almanac of Fetching Envenoming
 45354 | Elf:3    | Bought a +1 kite shield of reflection for 216 gold pieces
 45637 | Snake:1  | Entered Level 1 of the Snake Pit
 45710 | Snake:1  | Learned a level 5 spell: Bolt of Magma
 45899 | Snake:1  | Found Ragiw's Weapon Emporium.
 45903 | Snake:1  | Found Qeogh's Armour Shoppe.
 45903 | Snake:1  | Found Bast's Weapon Emporium.
 45908 | Snake:1  | Found Kaesui's General Store.
 45914 | Snake:1  | Bought a potion of brilliance for 72 gold pieces
 46020 | Snake:1  | Bought a scroll of vulnerability for 135 gold pieces
 46794 | Snake:1  | Received a gift from Okawaru
 47077 | Snake:2  | Noticed Aizul
 48020 | Snake:2  | Killed Aizul
 49264 | Snake:3  | Found an ancient bone altar of Kikubaaqudgha.
 49518 | Snake:3  | Noticed Vashnia
 49527 | Snake:3  | Killed Vashnia
 49527 | Snake:3  | Received a gift from Okawaru
 50531 | Snake:3  | Found Joewnus's Magic Scroll Shop.
 50539 | Snake:3  | Bought a scroll of magic mapping for 49 gold pieces
 50539 | Snake:3  | Bought a scroll of magic mapping for 49 gold pieces
 50539 | Snake:3  | Bought a scroll of fog for 28 gold pieces
 50786 | Snake:3  | Reached skill level 19 in Spellcasting
 51576 | Snake:4  | Entered Level 4 of the Snake Pit
 51594 | Snake:4  | Reached XP level 19. HP: 127/127 MP: 27/44
 52026 | Snake:3  | Learned a level 6 spell: Iron Shot
 52034 | Snake:3  | Learned a level 7 spell: Orb of Destruction
 53894 | Snake:4  | Received a gift from Okawaru
 54115 | Snake:4  | Got a serpentine rune of Zot
 54885 | Swamp:1  | Entered Level 1 of the Swamp
 55518 | Swamp:1  | Noticed Roxanne
 55520 | Swamp:1  | Killed Roxanne
 55521 | Swamp:1  | Reached skill level 20 in Spellcasting
 57552 | Swamp:4  | Entered Level 4 of the Swamp
 57729 | Swamp:4  | Identified the Compendium of Creation
 58062 | Swamp:4  | Reached XP level 20. HP: 130/132 MP: 16/46
 58429 | Swamp:4  | Noticed a bone dragon
 58434 | Swamp:4  | Killed a bone dragon
 58434 | Swamp:4  | Received a gift from Okawaru
 58968 | Swamp:4  | Got a decaying rune of Zot
 59275 | Vaults:1 | Entered Level 1 of the Vaults
 59592 | Vaults:1 | Noticed Donald
 59597 | Vaults:1 | Killed Donald
 59715 | Vaults:1 | Noticed Nikola
 59726 | Vaults:1 | Reached skill level 21 in Spellcasting
 59821 | Vaults:1 | Killed Nikola
 60203 | Vaults:1 | Found Vige Meu's General Store.
 60276 | Vaults:1 | Bought a scroll of teleportation for 30 gold pieces
 60276 | Vaults:1 | Bought a potion of cancellation for 80 gold pieces
 60276 | Vaults:1 | Bought a potion of curing for 30 gold pieces
 60276 | Vaults:1 | Bought a potion of curing for 30 gold pieces
 60276 | Vaults:1 | Bought a potion of heal wounds for 50 gold pieces
 60276 | Vaults:1 | Bought a scroll of teleportation for 30 gold pieces
 61199 | Vaults:2 | Received a gift from Okawaru
 62436 | Vaults:2 | Received a gift from Okawaru
 62657 | Vaults:2 | Reached skill level 22 in Spellcasting
 62659 | Vaults:2 | Reached XP level 21. HP: 123/137 MP: 7/49
 63669 | Vaults:3 | You fall into a shaft and drop 1 floor!
 63758 | Vaults:4 | Noticed a golden dragon
 63954 | Vaults:4 | Found a ruined gateway.
 63957 | Vaults:4 | Received a gift from Okawaru
 63962 | Desolati | Entered the Desolation of Salt
 64331 | Desolati | Identified the +7 dagger of Dried Tears {speed, Int+4}
 64332 | Desolati | Identified the +1 ring mail of Pleasant Breezes {*Contam
                  | Str+4 Int+8}
 64341 | Desolati | Identified the +3 dagger of Perfectionism {venom, rF-
                  | Str+5}
 64344 | Desolati | Identified the +1 scale mail of Resonance {rElec Int+4}
 64345 | Desolati | Identified the +3 plate armour "Izianasa" {rC+ Will+}
 64347 | Desolati | Identified the +6 short sword "Dicuy" {drain, Str+7}
 64502 | Desolati | Identified the ring "Jinonuc" {rC+ rN+ AC+4 Dex-2}
 64508 | Desolati | Identified Semusa's Disquisition on Venom and Conjuration
 64512 | Desolati | Identified the ring of Nobility {+Inv rElec rF- Str+6 SInv}
 64554 | Desolati | Reached skill level 10 in Shields
 64573 | Desolati | Received a gift from Okawaru
 64732 | Desolati | Reached skill level 23 in Spellcasting
 65016 | Desolati | Found the +5 scythe "Finisher" {speed, eviscerate}
 65685 | Vaults:4 | Received a gift from Okawaru
 65686 | Vaults:4 | Reached XP level 22. HP: 144/144 MP: 37/51
 66162 | Vaults:3 | Found an ancient bone altar of Kikubaaqudgha.
 66648 | Vaults:3 | Found a staircase to the Crypt.
 66651 | Vaults:3 | Received a gift from Okawaru
 67228 | Vaults:3 | Mangled by a cyan very ugly thing

Illustrated notes

Levels and vault maps discovered:
D:1:      dpeg_arrival_tiny_d, layout_basic
D:2:      layout_loops_ring, uniq_crazy_yiuf_cottage
D:3:      layout_basic, overflow_temple_1_default, lemuel_crystal_altar,
          chequers_serial_rivers_small_3
D:4:      layout_basic, elyvilon_altar_5
D:5:      layout_basic, ashenzari_altar_1, cheibriados_altar_1,
          nicolae_overflow_hidden_temple, basic_altar, uniq_menkaure,
          uniq_edmund, uniq_duvessa, uniq_prince_ribbit1, uniq_sigmund
D:6:      layout_loops_corners, grunt_dithmenos_smoke_and_mirrors
D:7:      layout_basic, minmay_temple_entry_large_hall
D:8:      layout_basic, serial_shops, shop_scrolls, shop_statue, shop,
          shop_fountains, shop, minmay_diced_spiral, uniq_pikel
D:9:      layout_long_grid
D:10:     gammafunk_jiyva_shrine, layout_small_grid, grunt_decor_clamped,
          uniq_fannar
D:11:     cheibrodos_magma_flow, layout_loops_ring, lair_entry_dummy,
          orc_0_dummy, grunt_decor_one_mirror, skrybe_limestone_x
D:12:     layout_long_grid, grunt_gozag_statues
D:13:     layout_grid_maze
D:14:     layout_basic, grunt_vaults_entry_fortified, serial_shops, shop
D:15:     grunt_enter_depths_hoard, layout_basic, serial_shops, shop,
          minmay_misc_feat_chi
Temple:   kb_temple_of_zot
Lair:1:   layout_roguey
Lair:2:   nzn_winding_woodlands_stair_trap [nzn_winding_woodlands_5x15_twine,
          nzn_winding_woodlands_5x15_longhouse,
          nzn_winding_woodlands_5x15_parted,
          nzn_winding_woodlands_15x15_five_gardens,
          nzn_winding_woodlands_5x15_sawtooth,
          nzn_winding_woodlands_5x15_river_crossing,
          nzn_winding_woodlands_5x15_pathside_ponds], layout_gridlike,
          swamp_mist, grunt_megastairs_5
Lair:3:   layout_long_grid, guppyfry_snake_entry_island, serial_forest,
          infiniplex_forest_corner_2, infiniplex_forest_clump_small,
          infiniplex_forest_clump_tiny, infiniplex_forest_end_1,
          infiniplex_forest_lined_room_, infiniplex_forest_end_2,
          minmay_lair_oklob_chamber
Lair:4:   lemuel_reptile_caves, layout_regular_city, grunt_megastairs_1,
          uniq_urug
Lair:5:   layout_regular_city, minmay_slime_entry_pillars
Lair:6:   due_jungle_book, layout_cave_pods
Swamp:1:  layout_falls_marsh, hangedman_swamp_cone, uniq_roxanne
Swamp:2:  layout_falls_marsh, evilmike_swamp_ruin_rubble_2, swamp_pool1
Swamp:3:  layout_basic_swamp, evilmike_swamp_ruin_rubble_1,
          infiniplex_staircase_pool_2
Swamp:4:  swamp_pestilence, layout_basic_swamp
Snake:1:  layout_grid_maze, minmay_shoptagon
Snake:2:  layout_chambers, minmay_snake_pond, uniq_aizul
Snake:3:  layout_misc_corridors, serial_shops, shop, drop_trap,
          lemuel_oklob_altar, serial_bayou_shore_b, serial_bayou_shore_b,
          serial_bayou_shore_a, serial_bayou_shore_b, grunt_megastairs_4,
          uniq_vashnia
Snake:4:  snake_pit, layout_cave_town
Orc:1:    layout_diamond_mine, portal_ice_cave_entry_imps
Orc:2:    pubby_orc_utopia, uniq_sonja
Elf:1:    layout_loops_ring, serial_shops, shop, minmay_elf_necromancy
Elf:2:    layout_geoelf_diagonals, minivault_20, lemuel_flamethrower_3,
          uniq_louise
Elf:3:    minmay_elf_hall, layout_rooms, serial_shops, shop, item_on_display_a
Vaults:1: vaults_dpeg_cross, vaults_room_corners, vaults_room_fours,
          nicolae_vaults_an_arrangement, vaults_room_pools,
          hangedman_vaults_trim, layout_vaults_omnigrid, serial_shops,
          shop_coins, uniq_donald, uniq_nikola
Vaults:2: v_rooms_6, nicolae_vaults_know_your_exits, v_misc_22,
          vaults_room_fours, ontoclasm_vaults_twist, grunt_vaults_hallway_long,
          nicolae_vaults_little_squares_3, hangedman_vaults_impose,
          nicolae_vaults_little_squares_6, layout_vaults_big_room
Vaults:3: vaults_dpeg_encased_lava, minmay_crypt_entry_simple_round,
          grunt_vaults_hallway_short, v_misc_25, hangedman_vaults_stream,
          vaults_room_fours, vaults_room_boxed, grunt_vaults_hallway_long,
          hangedman_vaults_river_flow, v_misc_4, ontoclasm_vaults_fault,
          vaults_room_stairs_pillars, vaults_room_stairs_pillars,
          ontoclasm_vaults_shout, layout_vaults_big_cross, basic_altar
Vaults:4: st_greater_box_5, v_misc_26, hangedman_vaults_locks, v_alt_pattern_1,
          nicolae_vaults_little_ls, v_misc_27, ontoclasm_vaults_tryst,
          ontoclasm_vaults_ligature, v_misc_19, serial_ice_m,
          nicolae_vaults_little_squares_2, dpeg_vaults_monster_box,
          vaults_room_grid, layout_vaults_omnibox,
          portal_desolation_entry_nicolae_nacl, uniq_mennas

Skill      XL: |  1  2  3  4  5  6  7  8  9 10 11 12 13 14 15 16 17 18 19 20 21 22 |
---------------+-------------------------------------------------------------------+-----
Fighting       | 1 2 3 4 6 8 9 10 11 12 14 15 16 | 16.7
Spellcasting   | 4 5 6 7 9 10 11 13 14 15 16 17 19 20 22 23 | 23.9
Earth Magic    | 4 5 6 8 9 10 11 12 13 14 15 17 19 21 | 21.7
Dodging        | 3 4 6 7 9 10 11 12 13 14 15 16 | 16.4
Evocations     | 3 6 7 9 |  9.2
Shields        | 2 4 5 6 11 12 | 12.6
Stealth        | |  2.4
Transmutations | |  1.1

Action                   |  1- 3 |  4- 6 |  7- 9 | 10-12 | 13-15 | 16-18 | 19-21 | 22-24 || total
-------------------------+-------+-------+-------+-------+-------+-------+-------+-------++-------
Melee: Dagger            |    62 |    18 |       |       |       |       |       |       ||    80
       Unarmed           |     1 |       |       |       |       |       |       |       ||     1
       Quarterstaff      |       |    82 |    15 |       |       |       |       |       ||    97
       Dire flail        |       |       |    57 |   399 |   363 |       |       |       ||   819
       Staff             |       |       |       |       |    77 |    76 |    15 |       ||   168
 Cast: Sandblast         |    47 |    58 |    62 |    66 |   163 |    86 |    58 |       ||   540
       Stone Arrow       |       |       |    25 |   119 |   360 |   209 |    13 |       ||   726
       Lee's Rapid Decon |       |       |     1 |    43 |   163 |   391 |   145 |     9 ||   752
       Petrify           |       |       |       |     4 |    22 |     4 |       |       ||    30
       Passwall          |       |       |       |     1 |     2 |       |       |       ||     3
       Blink             |       |       |       |       |       |     4 |    13 |       ||    17
       Bolt of Magma     |       |       |       |       |       |       |   591 |   116 ||   707
Evoke: Wand              |       |       |    11 |    36 |     4 |    32 |     7 |       ||    90
       Condenser vane    |       |       |       |       |     2 |     3 |     4 |       ||     9
       Tin of tremorston |       |       |       |       |       |     5 |     3 |     2 ||    10
       Box of beasts     |       |       |       |       |       |     2 |       |       ||     2
  Use: Scroll            |       |     7 |     2 |    28 |    13 |     7 |    20 |       ||    77
       Potion            |       |       |     2 |     2 |     1 |     1 |    11 |       ||    17
 Stab: Sleeping          |     2 |     5 |     4 |     1 |    14 |       |       |       ||    26
       Petrified         |       |     3 |       |       |     2 |       |       |       ||     5
       Paralysed         |       |     1 |       |     9 |       |       |       |       ||    10
       Distracted        |       |       |       |     1 |     2 |       |       |       ||     3
Armor: Robe              |    22 |    26 |    23 |    34 |     8 |       |       |       ||   113
       Skin              |       |       |     1 |       |       |       |       |       ||     1
       Troll leather arm |       |       |       |   129 |   195 |   115 |   139 |    16 ||   594
Dodge: Dodged            |    69 |    97 |   100 |   591 |   877 |   319 |   307 |    38 ||  2398
Block: Buckler           |       |       |       |       |       |    75 |   116 |    16 ||   207

Table legend: (Time is in decaauts)
 A = Elapsed time spent in this place.
 B = Non-inter-level travel time spent in this place.
 C = Inter-level travel time spent in this place.
 D = Time resting spent in this place.
 E = Time spent auto-exploring this place.
 F = Levels seen in this place.
 G = Mean time per level.
                   A        B        C        D        E       F      G
               +--------+--------+--------+--------+--------+-----+--------+
         Total |  68017 |  64840 |   3177 |  19993 |  33942 |  41 | 1659.0 |
       Dungeon |  23191 |  21749 |   1442 |   4090 |  14511 |  15 | 1546.1 |
        Temple |    142 |    127 |     15 |      0 |    124 |   1 |  142.0 |
          Lair |  11024 |  10293 |    731 |   2730 |   6141 |   6 | 1837.3 |
         Swamp |   4411 |   4245 |    166 |   1141 |   2312 |   4 | 1102.8 |
     Snake Pit |   9189 |   8951 |    238 |   4220 |   3629 |   4 | 2297.2 |
  Orcish Mines |   5203 |   4945 |    258 |   1633 |   2149 |   2 | 2601.5 |
   Elven Halls |   5778 |   5564 |    214 |   2551 |   1838 |   3 | 1926.0 |
        Vaults |   6320 |   6210 |    110 |   2294 |   2685 |   4 | 1580.0 |
      Ice Cave |   1116 |   1116 |      0 |    597 |    207 |   1 | 1116.0 |
    Desolation |   1638 |   1638 |      0 |    736 |    343 |   1 | 1638.0 |
               +--------+--------+--------+--------+--------+-----+--------+

Top non-repeatable levels by time:
   Orc:2: 4088 daAuts
 Snake:3: 3360 daAuts
    D:11: 2444 daAuts
   Elf:2: 2291 daAuts
Vaults:2: 2276 daAuts
 Snake:2: 2247 daAuts
  Lair:6: 2211 daAuts
  Lair:2: 2193 daAuts
 Snake:4: 2110 daAuts
Vaults:1: 2089 daAuts
     D:9: 2082 daAuts
  Lair:5: 2016 daAuts
     D:2: 1979 daAuts
   Elf:3: 1847 daAuts
     D:8: 1842 daAuts
